AoeStats
← Fede_II

Golden Pit

510093429Analyzed
1v1 RM · 1d ago on Sep 29, 2026· 36m 33s· 2 players
Game mode
Random Map
Map size
Tiny (2 player)
Population
200
Speed
Normal
Resources
Standard
Victory
Conquest
Starting age
Dark Age
Ending age
Imperial Age
RankedLock teamsTeams togetherTeam positionsShared explorationLock speedFull tech treeHidden civsTurbo modeCheats
Victory
Defeat
🇨🇭 Saxons · Switzerland
999
+14
🇦🇷 Huns · Argentina
957
-14
Sr. P
0:25 Loom
10:55 Feudal Age
11:42 Double-Bit Axe
13:14 Bloodlines
14:16 Forging
22:21 Castle Age
20:38 Fletching
21:34 Scale Barding Armor
23:18 Gold Mining
23:40 Husbandry
31:41 Stone Mining
33:49 Ballistics
33:32 Padded Archer Armor
35:31 Wheelbarrow
34:41 Town Watch
36:06 Bodkin Arrow
36:27 Leather Archer Armor
Fede_II
7:56 Loom
9:43 Feudal Age
12:14 Town Watch
19:22 Castle Age
17:51 Scale Mail Armor
18:38 Double-Bit Axe
18:37 Horse Collar
22:38 Forging
23:02 Fletching
33:28 Imperial Age
31:06 Bodkin Arrow
32:16 Chain Mail Armor
34:02 Iron Casting
34:43 Guard Tower
Connection lost

Rejoining the realm…

Still unreachable

The connection could not be restored.

Session expired

The server has moved on; the page needs a fresh start.